 Dungeon Crawl Stone Soup version 0.29-a0-284-gf9362112df (webtiles) character file.

Game seed: 17766496369920213707

87 horus123 the Magician (level 4, -3/21 (24) HPs)
             Began as a Deep Elf Conjurer on Mar 16, 2022.
             Slain by a goblin
             ... wielding a +0 club
             ... led by Robin
              (6 damage)
             ... on level 3 of the Dungeon.
             The game lasted 00:02:50 (2490 turns).

horus123 the Magician (Deep Elf Conjurer)           Turns: 2490, Time: 00:02:51

HP:   -3/21 (24)    AC:  2    Str:  4    XL:     4   Next: 28%
MP:   1/14          EV: 12    Int: 25    God:
Gold: 124           SH:  0    Dex: 13    Spells: 12/15 levels left

rFire   . . .      SeeInvis .   (no weapon)
rCold   . . .      Faith    .   (no shield)
rNeg    . . .      Spirit   .   a - +0 robe
rPois   .          Reflect  .   (no helmet)
rElec   .          Harm     .   (no cloak)
rCorr   .          Rampage  .   (no gloves)
Will    .....                   (no boots)
Stlth   ++........              (no amulet)
HPRegen 0.07/turn               (no ring)
MPRegen 0.14/turn               (no ring)

@: heavily drained
A: no striking features
a: no special abilities


You were on level 3 of the Dungeon.
You visited 1 branch of the dungeon, and saw 3 of its levels.

You collected 124 gold pieces.

Inventory:

Armour
 a - a +0 robe (worn)
Wands
 i - a wand of paralysis (7)
Scrolls
 c - 2 scrolls of identify {unknown}
 e - a scroll of enchant weapon {unknown}
 g - a scroll of vulnerability {unknown}
 h - a scroll of teleportation {unknown}
Potions
 b - a potion of magic
 d - a potion of mutation {unknown}
 f - 3 potions of attraction {unknown}
 j - a potion of degeneration {unknown}


   Skills:
 - Level 2.4 Dodging
 - Level 2.4 Stealth
 + Level 6.3 Spellcasting
 - Level 4.3 Conjurations


You had 12 spell levels left.
You knew the following spells:

 Your Spells              Type           Power      Damage    Failure   Level
a - Magic Dart            Conj           100%       1d8       1%          1
b - Searing Ray           Conj           58%        2d6       1%          2

Your spell library contained the following spells:

 Spells                   Type           Power      Damage    Failure   Level
 Dazzling Flash           Conj/Hex       36%        N/A       9%          3
 Gell's Gravitas          Tloc           7%         N/A       22%         3
 Teleport Other           Tloc           7%         N/A       22%         3
 Fulminant Prism          Conj/Hex       9%         3d7       28%         4
 Iskenderun's Mystic Bla  Conj/Tloc      18%        2d6       28%         4
 Dispersal                Tloc           3%         N/A       100%        6


Dungeon Overview and Level Annotations

Branches:
Dungeon (3/15)

Altars:
Wu Jian

Shops:
D:1 !


Message History

Robin hits you with a +2 dagger of draining.
You feel drained. Robin attacks as you move away!
Robin hits you with a +2 dagger of draining.
* * * LOW HITPOINT WARNING * * *
You feel drained. Robin attacks as you move away!
Robin hits you but does no damage.
You feel drained.
Found 20 stones.
Robin attacks as you move away! Robin barely misses you.
Robin attacks as you move away!
Robin hits you with a +2 dagger of draining.
* * * LOW HITPOINT WARNING * * *
You feel drained. Robin attacks as you move away! Robin closely misses you.
The goblin shouts!
Robin points. "Kill!"
Robin roars a battlecry!
The goblin goes into a battle-frenzy!
Robin throws the goblin at you!
Casting: Searing Ray (safe; 1% risk of failure)
Confirm with . or Enter, or press ? or * to list all spells.
Aiming: Searing Ray (safe; 1% risk of failure)
Press: ? - help, Shift-Dir - straight line, f/p - Robin
Aim: Robin, wielding a +2 dagger of draining, wearing a +0 animal skin and wearing a +0 helmet (almost dead, 85% to hit)
The searing ray hits the goblin.
You kill the goblin!
The searing ray hits Robin!
You kill Robin! (Press . to maintain the ray.)
The goblin hits you with a +0 club.
* * * LOW HITPOINT WARNING * * *
The goblin attacks as you move away! The goblin closely misses you.
The goblin attacks as you move away! The goblin misses you.
Things that are here:
a +0 club; a goblin corpse
Things that are here:
a +2 dagger of draining; a +0 animal skin; a +0 helmet The goblin attacks as you move away!
The goblin hits you with a +0 club.
You die...

######
...(..###########
#...........#
#..########.#
##..########)#
#.........##)#####..
#..@#####.##)..ggggg
#..g.........#####gg
#.#.#####.##.#
#.#)#####.##.#
#.#..).......#
..#######.#### # #.#
#########.#
..##......#


You could see a goblin (strong).

Vanquished Creatures
  Robin (D:3)
  A worm (D:2)
  2 dart slugs (D:1)
  2 orcs (D:3)
  7 endoplasms
  A giant cockroach (D:1)
  10 goblins
  8 hobgoblins
  2 jackals (D:2)
  2 quokkas
  4 ball pythons (D:2)
  A bat (D:1)
  4 frilled lizards
  11 kobolds
  4 rats
60 creatures vanquished.

Notes
Turn   | Place    | Note
-------+----------+-------------------------------------------
     0 | D:1      | horus123 the Deep Elf Conjurer began the quest for the Orb.
     0 | D:1      | Reached XP level 1. HP: 10/10 MP: 6/6
   174 | D:1      | Reached skill level 4 in Spellcasting
   174 | D:1      | Reached XP level 2. HP: 15/15 MP: 3/9
   234 | D:1      | Learned a level 2 spell: Searing Ray
   696 | D:1      | Found Myofamun's Distillery.
  1030 | D:1      | Reached XP level 3. HP: 19/19 MP: 9/11
  1282 | D:2      | Reached skill level 5 in Spellcasting
  2250 | D:3      | Found an ornate altar of the Wu Jian Council.
  2446 | D:3      | Noticed Robin
  2454 | D:3      | Reached XP level 4. HP: 13/24 MP: 9/13
  2455 | D:3      | Reached skill level 6 in Spellcasting
  2482 | D:3      | Killed Robin
  2490 | D:3      | Slain by a goblin

Illustrated notes

Levels and vault maps discovered:
D:1:      lightli_molten_gateway, layout_basic, serial_shops,
          nicolae_square_shop
D:2:      layout_basic, hangedman_decor_push
D:3:      layout_loops_ring, mainiacjoe_overflow_six_doors_small,
          gammafunk_temple_overflow_forgotten,
          chequers_ecumenical_altar_simple_redux, minmay_rat_hole, uniq_robin

Skill      XL: |  1  2  3  4 |
---------------+-------------+-----
Spellcasting   | 4 5 6 |  6.3
Dodging        | |  2.4
Stealth        | |  2.4
Conjurations   | |  4.3

Action                   |  1- 3 |  4- 6 || total
-------------------------+-------+-------++-------
 Cast: Magic Dart        |    86 |       ||    86
       Searing Ray       |     2 |     3 ||     5
Armor: Robe              |     1 |     2 ||     3
Dodge: Dodged            |     1 |     5 ||     6

Table legend: (Time is in decaauts)
 A = Elapsed time spent in this place.
 B = Non-inter-level travel time spent in this place.
 C = Inter-level travel time spent in this place.
 D = Time resting spent in this place.
 E = Time spent auto-exploring this place.
 F = Levels seen in this place.
 G = Mean time per level.
                   A        B        C        D        E       F      G
               +--------+--------+--------+--------+--------+-----+--------+
         Total |   2489 |   2431 |     58 |      4 |   2198 |   3 |  829.7 |
       Dungeon |   2489 |   2431 |     58 |      4 |   2198 |   3 |  829.7 |
               +--------+--------+--------+--------+--------+-----+--------+

Top non-repeatable levels by time:
     D:1: 1271 daAuts
     D:2: 972 daAuts
     D:3: 245 daAuts
